 Dungeon Crawl Stone Soup version 0.27-a0-1060-gcb85b5eba1 (webtiles) character file.

Game seed: 7561822346427358056

102 1player the Skirmisher (level 4, -1/37 HPs)
             Began as a Djinni Conjurer on Apr 21, 2021.
             Slain by a gnoll
             ... wielding a +0 club
              (5 damage)
             ... on level 2 of the Dungeon.
             The game lasted 00:06:01 (2947 turns).

1player the Skirmisher (Djinni Conjurer)            Turns: 2947, Time: 00:06:02

Health: -1/37      AC:  2    Str:  6    XL:     4   Next: 78%
Gold:   88         EV: 12    Int: 21    God:
                   SH:  0    Dex: 11

rFire    + + .     SeeInvis .   a - +0 dagger
rCold    x . .     Faith    .   (no shield)
rNeg     . . .     Spirit   .   d - +0 robe
rPois    ∞         Reflect  .   (no helmet)
rElec    .         Harm     .   (no cloak)
rCorr    .         Rampage  .   (no gloves)
Will     .....                  (boots unavailable)
Stlth    ++........             (no amulet)
HPRegen  0.12/turn              (no ring)
MPRegen  0.00/turn              (no ring)

@: mighty, flying
A: fire resistance 2, cold vulnerability 1, float, innate caster, hp casting,
extra vitality 1
a: no special abilities


You were on level 2 of the Dungeon.
You visited 1 branch of the dungeon, and saw 4 of its levels.

You collected 88 gold pieces.

Inventory:

Hand Weapons
 a - a +0 dagger (weapon)
 j - a +3 mace
Armour
 d - a +0 robe (worn)
Magical Staves
 b - a staff of air
Jewellery
 f - a ring of magical power
Scrolls
 e - a scroll of brand weapon {unknown}
 g - a scroll of amnesia {unknown}
 i - a scroll of fear {unknown}
Potions
 c - 2 potions of might
 h - a potion of lignification {unknown}
 k - a potion of magic {unknown}


   Skills:
 + Level 4.2 Fighting
 - Level 2.1 Dodging
 - Level 1.5 Stealth
 - Level 3.6 Spellcasting


You couldn't memorise any spells.
You knew the following spells:

 Your Spells              Type           Power      Damage    Failure   Level
c - Dazzling Flash        Conj/Hex       36%        N/A       9%          3
d - Fulminant Prism       Conj/Hex       9%         3d7       28%         4
e - Iskenderun's Mystic   Conj/Tloc      18%        2d6       28%         4
q - Magic Dart            Conj           72%        1d6       2%          1
z - Searing Ray           Conj           36%        3d4       4%          2
Q - Animate Skeleton      Necr           36%        N/A       2%          1
Your spell library was empty.

Dungeon Overview and Level Annotations

Branches:
Dungeon (4/15)
 Temple: D:4-7

Altars:

Shops:
D:2 :


Innate Abilities, Weirdness & Mutations

You are immune to poison.
Your flesh is very heat resistant. (rF++)
You are vulnerable to cold. (rC-)
You float through the air rather than walking.
You learn spells naturally, not from books.
Your magical power is your life essence.
You have superior vitality. (+4 HP)


Message History

Aim: a quokka (100% to hit)
The magic dart hits the quokka.
You kill the quokka!
There is an open door here.
You reach down and open the door.
There is an open door here.
You see here a +0 hand axe.
You reach down and open the door.
A gnoll comes into view. It is wielding a +0 club.
The gnoll shouts!
You see here a +0 hand axe.
The gnoll closely misses you.
There is an open door here.
Casting: Magic Dart (safe; 2% risk of failure)
Confirm with . or Enter, or press ? or * to list all spells.
Aiming: Searing Ray (safe; 4% risk of failure)
Press: ? - help, Shift-Dir - straight line, f - gnoll
Aim: a gnoll, wielding a +0 club (81% to hit)
You miscast Searing Ray.
You are very lightly contaminated with residual magic.
Nothing appears to happen.
The gnoll hits you with a +0 club! The gnoll hits you with a +0 club!
Your magical contamination has completely faded away.
There is an open door here.
Unknown command.
Casting: Searing Ray (safe; 4% risk of failure)
Confirm with . or Enter, or press ? or * to list all spells.
The spell is dangerous to cast (9% risk of failure)!
Continue anyway?
You miscast Dazzling Flash.
You are very lightly contaminated with residual magic.
Nothing appears to happen.
The gnoll hits you with a +0 club.
There is an open door here.
The gnoll hits you with a +0 club!
* * * LOW HITPOINT WARNING * * *
Your magical contamination has completely faded away.
Okay, then.
It was a potion of might.
You feel very mighty all of a sudden. The gnoll hits you with a +0 club.
You die...

#..... #.#### #.# #.#
######### #.#
#.......############# #.#
#....>..+(..........###.####
#...)...###########.#...##..
#.......'.g@................
#.......############....##..
######.......#
####..........+..
....##.......#
#.....####.####..
....##.......# #.....# #..#
#.. ....####...######.....#
##.###..
....####.#.##.....##.###
#..##..
.......................#
##.##..
....####'#######'#####.##
#..#..


You could see a gnoll.

Vanquished Creatures
  Robin (D:2)
  An adder (D:2)
  2 worms (D:2)
  4 dart slugs
  3 endoplasms
  10 hobgoblins
  8 jackals
  A kobold (D:3)
  4 quokkas
  4 ball pythons (D:1)
  5 bats
  A frilled lizard (D:1)
  12 goblins
  5 rats
61 creatures vanquished.

Vanquished Creatures (collateral kills)
  A ball python (D:2)
1 creature vanquished.

Vanquished Creatures (others)
  3 demonic plants (D:3)
  A withered plant (D:3)
4 creatures vanquished.

Grand Total: 66 creatures vanquished

Notes
Turn   | Place    | Note
-------+----------+-------------------------------------------
     0 | D:1      | 1player the Djinni Conjurer began the quest for the Orb.
     0 | D:1      | Reached XP level 1. HP: 15/15 MP: 0/0
   103 | D:1      | Reached skill level 1 in Fighting
   337 | D:1      | Reached XP level 2. HP: 21/22 MP: 0/0
   477 | D:1      | Reached skill level 2 in Fighting
   910 | D:1      | Reached XP level 3. HP: 26/29 MP: 0/0
   910 | D:1      | Learned a level 1 spell: Animate Skeleton
  1552 | D:2      | Reached skill level 3 in Fighting
  1980 | D:2      | Found Quta's Book Shoppe.
  2001 | D:2      | Reached XP level 4. HP: 24/35 MP: 0/0
  2063 | D:2      | Noticed Robin
  2111 | D:2      | Killed Robin
  2416 | D:2      | Reached skill level 4 in Fighting
  2549 | D:2      | You are sucked into a shaft and drop 2 floors!
  2947 | D:2      | Slain by a gnoll

Illustrated notes

Levels and vault maps discovered:
D:1:      lemuel_arrival_broad_hall, layout_basic
D:2:      layout_basic, serial_shops, shop, minmay_quadrilaterals, uniq_robin
D:3:      layout_loops_cross, lemuel_round_altar, shapermc_ecumenical_altar_gd,
          kennysheep_boxes
D:4:      layout_basic, minmay_temple_entry_grid, serial_shops, shop,
          shop_statue, nicolae_shop_behind_doors, shop, uniq_eustachio

Skill      XL: |  1  2  3  4 |
---------------+-------------+-----
Fighting       | 1 2 3 4 |  4.2
Dodging        | |  2.1
Stealth        | |  1.5
Spellcasting   | |  3.6

Action                   |  1- 3 |  4- 6 || total
-------------------------+-------+-------++-------
 Cast: Magic Dart        |    56 |    21 ||    77
       Searing Ray       |    14 |    10 ||    24
       Animate Skeleton  |     2 |     6 ||     8
  Use: Potion            |       |     1 ||     1
Armor: Robe              |     1 |       ||     1
Dodge: Dodged            |     2 |     4 ||     6

Table legend: (Time is in decaauts)
 A = Elapsed time spent in this place.
 B = Non-inter-level travel time spent in this place.
 C = Inter-level travel time spent in this place.
 D = Time resting spent in this place.
 E = Time spent auto-exploring this place.
 F = Levels seen in this place.
 G = Mean time per level.
                   A        B        C        D        E       F      G
               +--------+--------+--------+--------+--------+-----+--------+
         Total |   2945 |   2869 |     76 |    970 |   1400 |   4 |  736.2 |
       Dungeon |   2945 |   2869 |     76 |    970 |   1400 |   4 |  736.2 |
               +--------+--------+--------+--------+--------+-----+--------+

Top non-repeatable levels by time:
     D:2: 1487 daAuts
     D:1: 1255 daAuts
     D:3: 187 daAuts
     D:4: 14 daAuts
